 Dungeon Sprint DCSS version 0.17-a0-1718-g72dbe4d (webtiles) character file.

44497 Kidiri the Imperceptible (level 13, 0/55 HPs)
             Began as a Spriggan Enchanter on Aug 26, 2015.
             Was the Champion of Dithmenos.
             Slain by an orc warrior
             ... wielding a +1 mace of crushing
              (1 damage)
             ... in the Dungeon (Sprint III: "The Ten Rune Challenge").
             The game lasted 00:23:04 (3959 turns).

Kidiri the Imperceptible (Spriggan Enchanter)       Turns: 3959, Time: 00:23:06

Health: 0/55       AC:  4    Str:  4    XL:     13   Next: 26%
Magic:  4/35       EV: 36    Int: 19    God:    Dithmenos [******]
Gold:   51         SH:  0    Dex: 19    Spells: 11 memorised, 1 level left

rFire  . . .     SeeInvis +     a - +1 dagger
rCold  . . .     Clarity  .     b - +1 robe
rNeg   . . .     SustAt   .     (shield restricted)
rPois  .         Gourm    .     u - +1 hat
rElec  .         Spirit   .     (no cloak)
rCorr  .         Warding  .     (gloves unavailable)
rMut   .         NoTele   +     (boots unavailable)
MR     ++...                    (no amulet)
Stlth  ++++++++++               (no ring)
                                (no ring)

@: wreathed by umbra, very quick, very resistant to hostile enchantments,
uncannily stealthy
A: unfitting armour, see invisible, herbivore 3, speed 3, slow metabolism 2
a: Shadow Step, Shadow Form, Renounce Religion
}: 1/10 runes: barnacled


You were in the Dungeon.
You worshipped Dithmenos.
Dithmenos was exalted by your worship.
You were not hungry.

You visited 1 branch You collected 51 gold pieces.

Inventory:

Hand weapons
 a - a +1 dagger (weapon)
Armour
 b - a +1 robe (worn)
 u - a +1 hat (worn)
Scrolls
 j - a scroll of blinking
 n - a scroll of torment {unknown}
 o - 2 scrolls of identify {unknown}
 p - 5 scrolls of remove curse
 s - a scroll of immolation {unknown}
Potions
 e - a potion of curing
 f - 3 potions of heal wounds
 g - 2 potions of haste
 h - 2 potions of magic
 i - a potion of might
 k - 2 potions of agility {unknown}
 l - 4 potions of flight
 m - a potion of experience {unknown}
 r - 3 potions of cure mutation
 t - a potion of resistance {unknown}
Comestibles
 d - 6 fruits
 q - 30 royal jellies


   Skills:
 + Level 11.8 Short Blades
 * Level 19.9 Dodging
 * Level 21.7 Stealth
 * Level 17.3 Spellcasting
 + Level 8.1 Conjurations
 + Level 13.3 Hexes
 + Level 1.8 Summonings
 + Level 9.2 Ice Magic
 + Level 7.9 Earth Magic
 + Level 9.6 Poison Magic
 - Level 2.6 Invocations


You had one spell level left.
You knew the following spells:

 Your Spells              Type           Power        Failure   Level  Hunger
a - Corona                Hex            ######.      0%          1    None
b - Ensorcelled Hibernat  Hex/Ice        ######       1%          2    None
c - Confuse               Hex            ######..     1%          3    None
d - Tukima's Dance        Hex            ######..     1%          3    None
e - Dazzling Spray        Conj/Hex       ######..     1%          3    None
f - Fulminant Prism       Conj/Hex       ######....   1%          4    None
g - Iskenderun's Mystic   Conj           #####...     1%          4    None
h - Venom Bolt            Conj/Pois      ######....   2%          5    ###....
i - Iron Shot             Conj/Erth      #####.....   24%         6    #####..
j - Orb of Destruction    Conj           #####.....   89%         7    ######.
k - Spellforged Servitor  Conj/Summ      #####.....   100%        7    ######.


Dungeon Overview and Level Annotations

Branches:
Dungeon (1/1)

Altars:
Cheibriados
Dithmenos
Elyvilon
Fedhas
Gozag
Kikubaaqudgha
Makhleb
Nemelex Xobeh
Okawaru
Qazlal
Ru
Sif Muna
Trog
Vehumet
Xom
Yredelemnul
Zin
The Shining One
Jiyva
Lugonu

Shops:
D %:[[=[


Innate Abilities, Weirdness & Mutations

You are tiny and cannot use many weapons and most armour.
You have supernaturally acute eyesight.
You are a herbivore.
You cover ground extremely quickly.
You need consume almost no food.


Message History

You kill the orc!
Dithmenos accepts your kill. The orc warrior misses you.
You barely miss the orc warrior.
The orc warrior is severely wounded.
You hit the orc warrior but do no damage.
The orc warrior is severely wounded.
Your shadow hits the orc warrior but does no damage.
You hit the orc warrior but do no damage.
The orc warrior is severely wounded.
The orc warrior closely misses you.
You closely miss the orc warrior.
The orc warrior is severely wounded.
You hit the orc warrior but do no damage.
The orc warrior is severely wounded.
Your shadow hits the orc warrior but does no damage.
The orc warrior hits you with a mace of crushing!!
* * * LOW HITPOINT WARNING * * *
You emit a cloud of dark smoke.
You die...

▓▓▓ ▓▓▓ ▓ ##.#############$$ $#
##..#___#__[#__#$$####o#$
:#..#)..#..)#)_#.$.†o.oo$
.#..###+#+###'##...§oooo#
+#..#..........#)§§§o.oo$
#...'.⌠........#o##§$####
#...#...######'#o# $#
....#.⌠.#__#...#@################
....#...#__#...#§§§≈§+.#.+...+.#.
....#+###__#...#§#≈§≈#.#.#...##.#
....#)).#__#...'.#§§.#.#.#)..#.#.
....#___#_.+...#.#§§§#...#)).##.#
▓▓▓▓▓▓▓▓▓▓▓▓▓▓▓▓▓▓▓▓▓▓▓▓▓▓▓▓▓#.#.
.♣♣.....♣♣♣♣≈≈≈........≈≈≈...##.#
≈♣♣.≈≈≈≈+♣♣+♣≈≈≈≈≈≈≈≈≈≈≈≈♣♣P.+.#.
≈≈+.....#.≈♣♣♣♣♣♣♣♣♣♣♣♣♣♣♣♣PP##.#


You could see an orc warrior and an orc.

Vanquished Creatures
  Rupert (D)
  Frances (D)
  Polyphemus (D)
  Gastronok (D)
  Ilsuiw (D)
  Maud (D)
  Wiglaf (D)
  2 dire elephants (D)
  A merfolk javelineer (D)
  2 hydras (D)
  Erica (D)
  A centaur warrior (D)
  An orc high priest (D)
  4 death yaks (D)
  An unseen horror (D)
  3 death drakes (D)
  A spriggan druid (D)
  A sea snake (D)
  A lindwurm (D)
  An orc sorcerer (D)
  2 elephants (D)
  2 black mambas (D)
  2 spiny frogs (D)
  A fire drake (D)
  A deep elf priest (D)
  A komodo dragon (D)
  A queen bee (D)
  3 wandering mushrooms (D)
  8 blink frogs (D)
  2 spriggans (D)
  A shadow (D)
  3 redbacks (D)
  A spatial vortex (D)
  An orc warrior (D)
  A swamp drake (D)
  2 centaurs (D)
  A necrophage (D)
  An earth elemental (D)
  2 brain worms (D)
  A water elemental (D)
  32 killer bees (D)
  A jelly (D)
  2 orc wizards (D)
  A necromancer (D)
  A wizard (D)
  4 orc priests (D)
  3 sheep (D)
  3 humans (D)
  A kobold demonologist (D)
  2 oozes (D)
  A phantom (D)
  5 orcs (D)
  2 rats (D)
  8 plants (D)
130 creatures vanquished.

Vanquished Creatures (others)
  2 draconian scorchers (D)
  3 yaktaurs (D)
  An electric eel (D)
  6 plants (D)
12 creatures vanquished.

Grand Total: 142 creatures vanquished

Notes
Turn   | Place    | Note
--------------------------------------------------------------
     0 | D        | Kidiri the Spriggan Enchanter began the quest for the Orb.
     0 | D        | Reached XP level 1. HP: 9/9 MP: 5/5
     9 | D        | Reached skill level 5 in Stealth
    11 | D        | Reached XP level 2. HP: 13/13 MP: 5/7
    15 | D        | Learned a level 2 spell: Ensorcelled Hibernation
   177 | D        | Killed a white draconian scorcher
   181 | D        | Reached skill level 5 in Dodging
   181 | D        | Reached skill level 6 in Stealth
   181 | D        | Reached XP level 3. HP: 13/16 MP: 3/10
   196 | D        | Gained mutation: Your body sometimes deteriorates upon taking damage. [potion of mutation]
   196 | D        | Gained mutation: You are somewhat resistant to further mutation. [potion of mutation]
   196 | D        | Gained mutation: You are weak. (Str -2) [potion of mutation]
   197 | D        | Lost mutation: Your body sometimes deteriorates upon taking damage. [potion of cure mutation]
   197 | D        | Lost mutation: You are weak. (Str -2) [potion of cure mutation]
   197 | D        | Lost mutation: You are somewhat resistant to further mutation. [potion of cure mutation]
   198 | D        | Gained mutation: You expend magic power (3 MP) to strengthen your wands. [potion of mutation]
   198 | D        | Gained mutation: You are weak. (Str -2) [potion of mutation]
   198 | D        | Lost mutation: You are weak. (Str -2) [potion of mutation]
   199 | D        | Lost mutation: You expend magic power (3 MP) to strengthen your wands. [potion of cure mutation]
   245 | D        | Learned a level 3 spell: Confuse
   249 | D        | Learned a level 3 spell: Tukima's Dance
   293 | D        | Killed a white draconian scorcher
   355 | D        | Noticed a water elemental
   358 | D        | Killed a water elemental
   358 | D        | Reached skill level 7 in Stealth
   358 | D        | Reached skill level 5 in Spellcasting
   358 | D        | Reached skill level 5 in Hexes
   358 | D        | Reached skill level 1 in Ice Magic
   358 | D        | Reached XP level 4. HP: 21/21 MP: 10/12
   360 | D        | Killed a yaktaur
   363 | D        | Learned a level 3 spell: Dazzling Spray
   367 | D        | Killed a yaktaur
   388 | D        | Noticed a jelly
   389 | D        | Noticed a shadow
   412 | D        | Killed a shadow
   412 | D        | Reached skill level 8 in Dodging
   412 | D        | Reached skill level 9 in Stealth
   412 | D        | Reached skill level 1 in Conjurations
   412 | D        | Reached XP level 5. HP: 24/24 MP: 1/15
   519 | D        | Killed a jelly
   519 | D        | Reached skill level 10 in Stealth
   519 | D        | Reached XP level 6. HP: 18/28 MP: 14/17
   631 | D        | Found a stormy altar of Qazlal.
   632 | D        | Found a sacrificial altar of Ru.
   632 | D        | Found a burning altar of Makhleb.
   632 | D        | Found a viscous altar of Jiyva.
   632 | D        | Found a shimmering altar of Xom.
   632 | D        | Found a shadowy altar of Dithmenos.
   632 | D        | Found a sparkling altar of Nemelex Xobeh.
   632 | D        | Found a corrupted altar of Lugonu.
   632 | D        | Found an opulent altar of Gozag.
   632 | D        | Noticed a spatial vortex
   636 | D        | Became a worshipper of Dithmenos the Shadowed
   658 | D        | Killed a spatial vortex
   658 | D        | Reached skill level 1 in Invocations
   774 | D        | Found a radiant altar of Vehumet.
   775 | D        | Found a deep blue altar of Sif Muna.
   775 | D        | Found an ancient bone altar of Kikubaaqudgha.
   775 | D        | Noticed a wizard
   779 | D        | Killed a wizard
   779 | D        | Reached skill level 5 in Short Blades
   826 | D        | Learned a level 4 spell: Fulminant Prism
   831 | D        | Learned a level 4 spell: Iskenderun's Mystic Blast
   839 | D        | Found a glowing silver altar of Zin.
   840 | D        | Found a glowing golden altar of the Shining One.
   840 | D        | Found a white marble altar of Elyvilon.
   840 | D        | Noticed a deep elf priest
   842 | D        | Killed a deep elf priest
   842 | D        | Reached skill level 10 in Dodging
   842 | D        | Reached skill level 11 in Stealth
   842 | D        | Reached XP level 7. HP: 32/32 MP: 18/20
   859 | D        | Found an iron altar of Okawaru.
   860 | D        | Found a bloodstained altar of Trog.
   860 | D        | Noticed a human
   860 | D        | Noticed a human
   862 | D        | Killed a human
   862 | D        | Reached skill level 12 in Stealth
   871 | D        | Killed a human
   871 | D        | Acquired Dithmenos's first power
   884 | D        | Killed an electric eel
   892 | D        | Found a snail-covered altar of Cheibriados.
   892 | D        | Noticed a necrophage
   893 | D        | Noticed a necromancer
   898 | D        | Killed a necromancer
   899 | D        | Found a basalt altar of Yredelemnul.
   899 | D        | Found a blossoming altar of Fedhas.
   905 | D        | Killed a necrophage
   905 | D        | Reached XP level 8. HP: 30/36 MP: 0/22
  1033 | D        | Learned a level 5 spell: Venom Bolt
  1046 | D        | Noticed Erica
  1048 | D        | Killed Erica
  1048 | D        | Reached skill level 13 in Stealth
  1048 | D        | Reached skill level 10 in Spellcasting
  1056 | D        | Noticed an earth elemental
  1059 | D        | Killed an earth elemental
  1064 | D        | Noticed a centaur
  1064 | D        | Noticed a centaur warrior
  1064 | D        | Noticed a centaur
  1066 | D        | Killed a centaur warrior
  1066 | D        | Reached skill level 14 in Stealth
  1066 | D        | Reached skill level 5 in Ice Magic
  1066 | D        | Reached XP level 9. HP: 39/39 MP: 19/25
  1067 | D        | Killed a centaur
  1067 | D        | Acquired Dithmenos's second power
  1068 | D        | Killed a centaur
  1082 | D        | Learned a level 6 spell: Iron Shot
  1106 | D        | Noticed an unseen horror
  1108 | D        | Killed an unseen horror
  1108 | D        | Reached skill level 15 in Stealth
  1108 | D        | Reached skill level 1 in Earth Magic
  1118 | D        | Noticed a killer bee
  1118 | D        | Noticed a killer bee
  1118 | D        | Noticed a killer bee
  1118 | D        | Noticed a killer bee
  1118 | D        | Noticed a killer bee
  1118 | D        | Noticed a killer bee
  1118 | D        | Noticed a killer bee
  1118 | D        | Noticed a killer bee
  1118 | D        | Noticed a killer bee
  1118 | D        | Noticed a killer bee
  1118 | D        | Noticed a killer bee
  1118 | D        | Noticed a queen bee
  1118 | D        | Noticed a killer bee
  1118 | D        | Noticed a killer bee
  1118 | D        | Noticed a killer bee
  1119 | D        | Noticed a killer bee
  1119 | D        | Noticed a killer bee
  1119 | D        | Noticed a killer bee
  1119 | D        | Noticed a killer bee
  1119 | D        | Noticed a killer bee
  1119 | D        | Noticed a killer bee
  1119 | D        | Noticed a killer bee
  1119 | D        | Noticed a killer bee
  1119 | D        | Noticed a killer bee
  1119 | D        | Noticed a killer bee
  1119 | D        | Noticed a killer bee
  1119 | D        | Noticed a killer bee
  1119 | D        | Noticed a killer bee
  1119 | D        | Noticed a killer bee
  1119 | D        | Noticed a killer bee
  1119 | D        | Noticed a killer bee
  1119 | D        | Noticed a killer bee
  1119 | D        | Noticed a killer bee
  1120 | D        | Killed a killer bee
  1120 | D        | Killed a killer bee
  1120 | D        | Acquired Dithmenos's third power
  1121 | D        | Killed a killer bee
  1121 | D        | Killed a killer bee
  1122 | D        | Killed a killer bee
  1122 | D        | Killed a killer bee
  1269 | D        | Killed a killer bee
  1271 | D        | Killed a killer bee
  1271 | D        | Acquired Dithmenos's fourth power
  1271 | D        | Killed a killer bee
  1271 | D        | Killed a killer bee
  1272 | D        | Killed a killer bee
  1272 | D        | Killed a killer bee
  1273 | D        | Killed a killer bee
  1275 | D        | Killed a killer bee
  1276 | D        | Killed a killer bee
  1409 | D        | Killed a killer bee
  1411 | D        | Killed a killer bee
  1411 | D        | Reached XP level 10. HP: 44/44 MP: 24/27
  1414 | D        | Killed a killer bee
  1416 | D        | Killed a killer bee
  1418 | D        | Killed a killer bee
  1422 | D        | Killed a killer bee
  1424 | D        | Killed a killer bee
  1426 | D        | Killed a killer bee
  1428 | D        | Killed a killer bee
  1430 | D        | Killed a killer bee
  1432 | D        | Killed a killer bee
  1432 | D        | Reached skill level 16 in Stealth
  1434 | D        | Killed a killer bee
  1434 | D        | Reached skill level 10 in Hexes
  1436 | D        | Killed a killer bee
  1573 | D        | Killed a killer bee
  1576 | D        | Killed a killer bee
  1576 | D        | Reached skill level 5 in Conjurations
  1578 | D        | Killed a killer bee
  1580 | D        | Killed a killer bee
  1583 | D        | Killed a queen bee
  1583 | D        | Reached skill level 5 in Poison Magic
  1783 | D        | Noticed a wandering mushroom
  1784 | D        | Noticed a wandering mushroom
  1784 | D        | Noticed a wandering mushroom
  1785 | D        | Killed a wandering mushroom
  1789 | D        | Killed a wandering mushroom
  1790 | D        | Killed a wandering mushroom
  1860 | D        | Noticed a spiny frog
  1860 | D        | Noticed a komodo dragon
  1860 | D        | Noticed a spiny frog
  1863 | D        | Killed a spiny frog
  1864 | D        | Killed a komodo dragon
  1864 | D        | Reached skill level 15 in Dodging
  1865 | D        | Killed a spiny frog
  1941 | D        | Noticed a redback
  1946 | D        | Killed a redback
  1949 | D        | Noticed a brain worm
  1957 | D        | Killed a brain worm
  2002 | D        | Noticed a brain worm
  2004 | D        | Killed a brain worm
  2010 | D        | Noticed a lindwurm
  2012 | D        | Noticed a redback
  2013 | D        | Killed a lindwurm
  2013 | D        | Reached skill level 17 in Stealth
  2015 | D        | Killed a redback
  2019 | D        | Noticed a redback
  2020 | D        | Killed a redback
  2021 | D        | Noticed Maud
  2023 | D        | Killed Maud
  2023 | D        | Reached XP level 11. HP: 47/47 MP: 29/29
  2101 | D        | Noticed a five-headed hydra
  2101 | D        | Noticed a six-headed hydra
  2229 | D        | Killed a five-headed hydra
  2242 | D        | Killed a six-headed hydra
  2242 | D        | Reached skill level 18 in Stealth
  2346 | D        | Learned a level 7 spell: Orb of Destruction
  2418 | D        | Noticed a death drake
  2421 | D        | Killed a death drake
  2431 | D        | Found a blossoming altar of Fedhas.
  2431 | D        | Noticed a spriggan
  2431 | D        | Noticed a spriggan druid
  2431 | D        | Noticed a spriggan
  2433 | D        | Killed a spriggan druid
  2434 | D        | Killed a spriggan
  2434 | D        | Reached skill level 5 in Earth Magic
  2435 | D        | Killed a spriggan
  2464 | D        | Noticed a death drake
  2466 | D        | Killed a death drake
  2470 | D        | Noticed a death drake
  2471 | D        | Noticed a swamp dragon skeleton
  2471 | D        | Found Sadaeske's Jewellery Emporium.
  2471 | D        | Found Faotwats's Antique Armour Shop.
  2474 | D        | Killed a death drake
  2648 | D        | Noticed a swamp drake
  2648 | D        | Noticed a fire drake
  2649 | D        | Killed a fire drake
  2651 | D        | Killed a swamp drake
  2657 | D        | Noticed a blink frog
  2657 | D        | Noticed a blink frog
  2657 | D        | Noticed a blink frog
  2660 | D        | Noticed a blink frog
  2660 | D        | Noticed a blink frog
  2666 | D        | Killed a blink frog
  2669 | D        | Killed a blink frog
  2670 | D        | Killed a blink frog
  2672 | D        | Killed a blink frog
  2675 | D        | Killed a blink frog
  2675 | D        | Reached skill level 10 in Short Blades
  2675 | D        | Reached skill level 19 in Stealth
  2795 | D        | Noticed Rupert
  2799 | D        | Killed Rupert
  2799 | D        | Reached skill level 15 in Spellcasting
  2799 | D        | Reached XP level 12. HP: 51/51 MP: 26/32
  2830 | D        | Noticed a death yak
  2831 | D        | Noticed a death yak
  2831 | D        | Noticed a blink frog
  2832 | D        | Noticed an azure jelly
  2832 | D        | Noticed a death yak
  2832 | D        | Noticed an azure jelly
  2832 | D        | Noticed a blink frog
  2832 | D        | Noticed a death yak
  2833 | D        | Killed a death yak
  2834 | D        | Killed a blink frog
  2835 | D        | Killed a death yak
  2836 | D        | Noticed a blink frog
  2836 | D        | Noticed a black mamba
  2837 | D        | Killed a death yak
  2842 | D        | Killed a blink frog
  2853 | D        | Killed a death yak
  2905 | D        | Killed a blink frog
  2921 | D        | Killed a black mamba
  2921 | D        | Reached skill level 20 in Stealth
  2955 | D        | Noticed a black mamba
  2957 | D        | Killed a black mamba
  2986 | D        | Noticed Polyphemus
  2987 | D        | Noticed Ilsuiw
  2988 | D        | Killed Polyphemus
  2995 | D        | Killed Ilsuiw
  3003 | D        | Found Nycun's Food Shoppe.
  3003 | D        | Found Enommod's Book Boutique.
  3003 | D        | Found Lasuas's Antique Armour Emporium.
  3003 | D        | Noticed a sea snake
  3003 | D        | Noticed a merfolk javelineer
  3005 | D        | Killed a sea snake
  3057 | D        | Killed a merfolk javelineer
  3071 | D        | Got a barnacled rune of Zot
  3385 | D        | Noticed an azure jelly
  3385 | D        | Noticed an azure jelly
  3386 | D        | Noticed an elephant
  3386 | D        | Noticed an elephant
  3386 | D        | Noticed a dire elephant
  3386 | D        | Noticed a dire elephant
  3386 | D        | Noticed Gastronok
  3388 | D        | Killed Gastronok
  3389 | D        | Killed a dire elephant
  3389 | D        | Reached skill level 21 in Stealth
  3392 | D        | Killed a dire elephant
  3392 | D        | Reached XP level 13. HP: 55/55 MP: 34/34
  3396 | D        | Killed an elephant
  3397 | D        | Killed an elephant
  3409 | D        | Learned a level 7 spell: Spellforged Servitor
  3665 | D        | Killed a yaktaur
  3859 | D        | Noticed Wiglaf
  3859 | D        | Noticed Frances
  3861 | D        | Killed Wiglaf
  3863 | D        | Killed Frances
  3863 | D        | Reached skill level 1 in Summonings
  3921 | D        | Noticed an orc wizard
  3922 | D        | Noticed an orc high priest
  3923 | D        | Found Futauzik's Armour Emporium.
  3923 | D        | Noticed an orc wizard
  3923 | D        | Noticed an orc warrior
  3923 | D        | Noticed an orc priest
  3923 | D        | Noticed an orc sorcerer
  3923 | D        | Noticed an orc priest
  3923 | D        | Noticed an orc priest
  3923 | D        | Noticed an orc priest
  3923 | D        | Noticed an orc warrior
  3923 | D        | Noticed an orc wizard
  3923 | D        | Noticed an orc priest
  3927 | D        | Killed an orc priest
  3930 | D        | Killed an orc sorcerer
  3930 | D        | Killed an orc priest
  3933 | D        | Killed an orc high priest
  3941 | D        | Killed an orc wizard
  3944 | D        | Killed an orc warrior
  3947 | D        | Killed an orc priest
  3951 | D        | Killed an orc priest
  3953 | D        | Killed an orc wizard
  3959 | D        | HP: 1/55 [orc warrior/mace of crushing (19)]
  3959 | D        | Slain by an orc warrior

Vault maps used:
D:        dungeon_sprint_mu

Action                   |  1- 3 |  4- 6 |  7- 9 | 10-12 | 13-15 || total
-------------------------+-------+-------+-------+-------+-------++-------
Melee: Dagger            |    17 |    27 |    30 |    92 |   126 ||   292
 Cast: Ensorcelled Hiber |     5 |     1 |     6 |    32 |       ||    44
       Corona            |     2 |     2 |       |       |       ||     4
       Dazzling Spray    |       |    10 |     5 |    34 |     7 ||    56
       Confuse           |       |       |     2 |     2 |       ||     4
       Tukima's Dance    |       |       |     1 |       |       ||     1
       Venom Bolt        |       |       |     7 |     3 |    10 ||    20
       Iron Shot         |       |       |       |     1 |       ||     1
Invok: Shadow Step       |       |       |     1 |    10 |     1 ||    12
  Use: Potion            |     4 |     1 |       |       |       ||     5
 Stab: Sleeping          |     7 |     2 |    11 |    54 |     4 ||    78
       Confused          |       |       |     2 |       |       ||     2
       Invisible         |       |       |       |     3 |     4 ||     7
  Eat: Bread ration      |       |       |     1 |       |       ||     1
